 Dungeon Crawl Stone Soup version 0.28-a0-1510-gd0f6b136d3 (webtiles) character file.

Game seed: 4924729510877792105

2778 fragbeetle the Nimble (level 9, -2/70 (71) HPs)
             Began as a Merfolk Ice Elementalist on Jan 15, 2022.
             Was an Initiate of Gozag.
             Slain by a wyvern skeleton (7 damage)
             ... on level 7 of the Dungeon.
             The game lasted 00:25:45 (9594 turns).

fragbeetle the Nimble (Merfolk Ice Elementalist)    Turns: 9594, Time: 00:25:46

HP:   -2/70 (71)    AC: 10    Str:  8    XL:     9   Next: 70%
MP:   22/26         EV: 16    Int: 16    God:    Gozag
Gold: 681           SH:  0    Dex: 17    Spells: 12/19 levels left

rFire   . . .      SeeInvis +   e - +2 spear (vorpal)
rCold   . . .      Faith    .   (no shield)
rNeg    . . .      Spirit   .   a - +0 robe
rPois   .          Reflect  .   (no helmet)
rElec   .          Harm     .   o - scarf {+Inv}
rCorr   .          Rampage  .   (no gloves)
Will    .....                   y - +0 pair of boots
Stlth   ++........              (no amulet)
HPRegen 0.21/turn               k - ring of magical power
MPRegen 0.20/turn               p - ring of see invisible

@: ice-armoured, gold aura, lightly drained
A: (nimble swimmer 2), mertail
a: Renounce Religion, Evoke Invisibility, Potion Petition, Call Merchant, Bribe
Branch


You were on level 7 of the Dungeon.
You worshipped Gozag.
Gozag was pleased with you.
You visited 2 branches of the dungeon, and saw 8 of its levels.
You also visited: Sewer.

You collected 730 gold pieces.
You paid 49 gold pieces to Gozag.

Inventory:

Hand Weapons
 e - a +2 vorpal spear (weapon)
 f - a +3 dagger
 v - a +4 hunting sling of freezing
Missiles
 g - 100 stones
 i - 8 poisoned darts
 j - 8 curare-tipped darts
 n - 4 throwing nets
 z - 5 javelins
Armour
 a - a +0 robe (worn)
 o - a scarf of invisibility (worn)
 y - a +0 pair of boots (worn)
Jewellery
 d - an amulet of guardian spirit
 k - a ring of magical power (left hand)
 l - a +6 ring of strength
 p - a ring of see invisible (right hand)
 q - an amulet of magic regeneration
Scrolls
 b - a scroll of magic mapping
 s - a scroll of teleportation
 t - a scroll of fog {unknown}
 w - a scroll of torment {unknown}
 x - a scroll of fear {unknown}
Potions
 c - 2 potions of flight
 h - a potion of degeneration
 m - 4 potions of curing
 r - a potion of cancellation {unknown}
 u - 2 potions of attraction


   Skills:
 + Level 6.4 Fighting
 * Level 6.7 Polearms
 + Level 8.1 Dodging
 - Level 3.0 Stealth
 + Level 5.6 Spellcasting
 + Level 8.1 Ice Magic


You had 12 spell levels left.
You knew the following spells:

 Your Spells              Type           Power      Damage    Failure   Level
a - Freeze                Ice            100%       1d11      1%          1
b - Frozen Ramparts       Ice            60%        1d8       1%          3
c - Ozocubu's Armour      Ice            30%        N/A       1%          3

Your spell library contained the following spells:

 Spells                   Type           Power      Damage    Failure   Level
 Magic Dart               Conj           16%        1d3       14%         1
 Searing Ray              Conj           8%         2d4       22%         2
 Hailstorm                Conj/Ice       17%        3d6       26%         4
 Fulminant Prism          Conj/Hex       2%         3d6       82%         4


Dungeon Overview and Level Annotations

Branches:
Dungeon (7/15)             Temple (1/1) D:4           Sewer (visited)

Altars:
Ashenzari
Cheibriados
Dithmenos
Elyvilon
Fedhas
Gozag
Hepliaklqana
Kikubaaqudgha
Makhleb
Nemelex Xobeh
Okawaru
Qazlal
Ru
Sif Muna
Trog
Uskayaw
Vehumet
Wu Jian
Xom
Yredelemnul
Zin
The Shining One

Shops:
D:4 :

Annotations:
D:3 dig spell
D:7 1 runed translucent door, Crazy Yiuf


Innate Abilities, Weirdness & Mutations

((You are very nimble when in or above water. (Stealth+, EV+, Speed+++)))
Your lower body shifts to a powerful aquatic tail in water.


Message History

The wight hits you with a +0 mace.
You feel drained.
The wyvern skeleton resists.
The wall freezes the wyvern skeleton.
The wyvern skeleton is no longer distracted by gold.
You hit the wight.
The wight is almost destroyed.
The frozen ramparts melt away.
The wight hits you with a +0 mace.
The wyvern skeleton bites you but does no damage.
Unknown command.
You hit the wight but do no damage.
The wight is almost destroyed.
The wyvern skeleton closely misses you. The wight hits you but does no damage.
Unknown command.
You closely miss the wight.
The wight is almost destroyed.
The wyvern skeleton bites you but does no damage.
Unknown command.
You hit the wight but do no damage.
The wight is almost destroyed.
The wight closely misses you. The wyvern skeleton bites you!
* * * LOW HITPOINT WARNING * * *
Unknown command.
You hit the wight but do no damage.
The wight is almost destroyed.
The wight barely misses you. The wyvern skeleton bites you.
* * * LOW HITPOINT WARNING * * *
Unknown command.
You barely miss the wight.
The wight is almost destroyed.
The wyvern skeleton bites you!
* * * LOW HITPOINT WARNING * * *
The wight is distracted by your dazzling golden aura.
Unknown command.
You hit the wight.
You destroy the wight!
The wyvern skeleton misses you.
You barely miss the wyvern skeleton.
The wyvern skeleton is lightly damaged.
The wyvern skeleton bites you!
You die...
Your body crumbles into a pile of gold.

#...#.##.
#########.##.##.
##....... #.......
#.####### ####.###
###.#.....#.# #.###
#...#.#.#.#.# #....
###.#$..#|#...## #####
#...$Z#[#.#.#..# #
#.#@#.....#..## #
#...#######.... #
#$##.........#. #
#.#####..##.... #
######.....[..#.....##
#
.........####.#......#
# ..#......#
........####
#......######.#.#......
#
#..........##.#........


You could see a wyvern skeleton.

Vanquished Creatures
  Prince Ribbit (D:7)
  2 orc warriors (D:7)
  2 necrophages
  3 ogres
  A kobold brigand (Sewer)
  A bullfrog (D:7)
  A gnoll sergeant (D:7)
  3 scorpions
  A wyvern skeleton (D:5)
  3 water moccasin zombies
  A water moccasin skeleton (D:7)
  6 killer bees (D:7)
  5 wights (D:7)
  3 howler monkeys
  A bullfrog zombie (D:5)
  A centaur zombie (D:7)
  A jelly (D:6)
  A bullfrog skeleton (D:5)
  An orc priest (D:5)
  4 hounds
  A centaur skeleton (D:6)
  A gnoll shaman (D:7)
  3 iguanas
  2 orc wizards
  15 gnolls
  3 adders
  2 white imps
  An ufetubus (D:7)
  2 adder skeletons
  A worm (D:5)
  A dart slug (D:2)
  10 orcs
  8 endoplasms
  6 giant cockroaches
  6 goblins
  5 hobgoblins
  6 jackals
  4 quokkas
  8 ball pythons
  3 bats
  8 kobolds
  12 rats
150 creatures vanquished.

Notes
Turn   | Place    | Note
-------+----------+-------------------------------------------
     0 | D:1      | fragbeetle the Merfolk Ice Elementalist began the quest for
                  | the Orb.
     0 | D:1      | Reached XP level 1. HP: 13/13 MP: 3/3
   258 | D:1      | Reached XP level 2. HP: 5/20 MP: 0/5
   272 | D:1      | HP: 1/20 [frozen (5)]
   277 | D:1      | HP: 1/20 [constriction (1)]
  1166 | D:1      | Reached skill level 1 in Fighting
  1222 | D:1      | Reached XP level 3. HP: 26/26 MP: 6/6
  1762 | D:2      | Reached skill level 5 in Ice Magic
  1823 | D:2      | Learned a level 3 spell: Frozen Ramparts
  2240 | D:2      | You fall into a shaft and drop 2 floors!
  2240 | D:4      | Noticed a scorpion
  2388 | D:3      | Reached XP level 4. HP: 31/32 MP: 7/7
  2584 | D:3      | Found a glowing drain.
  2594 | Sewer    | Entered a sewer
  2642 | Sewer    | Noticed a kobold brigand
  2669 | Sewer    | Killed a kobold brigand
  2670 | Sewer    | Reached XP level 5. HP: 2/38 MP: 8/8
  3062 | Sewer    | Found a glowing silver altar of Zin.
  3187 | D:3      | Found a shimmering blue altar of Sif Muna.
  3636 | D:3      | Learned a level 3 spell: Ozocubu's Armour
  3858 | D:4      | Found Mirymeyps's Book Boutique.
  3925 | D:4      | Reached XP level 6. HP: 42/46 MP: 10/10
  4015 | D:4      | Noticed a necrophage
  4040 | D:4      | Killed a necrophage
  4280 | D:4      | Found a staircase to the Ecumenical Temple.
  4293 | Temple   | Entered the Ecumenical Temple
  4629 | Temple   | Became a worshipper of Gozag Ym Sagoz the Greedy
  4854 | D:5      | Entered Level 5 of the Dungeon
  4923 | D:5      | Reached skill level 5 in Dodging
  5280 | D:5      | Reached XP level 7. HP: 31/52 MP: 12/12
  6391 | D:6      | Noticed a two-headed ogre
  6497 | D:6      | Reached XP level 8. HP: 61/61 MP: 14/14
  7205 | D:6      | Reached skill level 5 in Fighting
  7727 | D:6      | Reached skill level 1 in Polearms
  8263 | D:7      | Noticed Prince Ribbit
  8276 | D:7      | Killed Prince Ribbit
  8397 | D:7      | Reached skill level 5 in Spellcasting
  8397 | D:7      | Reached XP level 9. HP: 55/69 MP: 16/16
  8879 | D:7      | Reached skill level 5 in Polearms
  9433 | D:7      | Found a runed translucent door.
  9434 | D:7      | Noticed Crazy Yiuf
  9594 | D:7      | Slain by a wyvern skeleton

Illustrated notes

Levels and vault maps discovered:
D:1:      dpeg_arrival_stonehenge_12_columns, layout_loops_ring
D:2:      layout_basic, serial_corexii_hall, corexii_hall_statues_u,
          chequers_hall_statues_corner_a, basic_ecumenical_altar
D:3:      layout_loops_ring, nicolae_sif_muna_little_library,
          portal_sewer_entry_d
D:4:      layout_rooms, temple_green, serial_shops, kennysheep_little_box
D:5:      minmay_octagon_keep, layout_basic, serial_bayou_lagoon_b
D:6:      hangedman_cross_stitches, layout_cave_pools, minivault_25
D:7:      layout_loops_cross, minmay_checkerbox, uniq_prince_ribbit1,
          uniq_crazy_yiuf_cottage
Temple:   mainiacjoe_temple_circle_huts

Skill      XL: |  1  2  3  4  5  6  7  8  9 |
---------------+----------------------------+-----
Dodging        | 3 4 5 6 7 8 |  8.1
Fighting       | 1 2 3 4 5 6 |  6.4
Ice Magic      | 5 6 7 8 |  8.1
Stealth        | 3 |  3.0
Spellcasting   | 3 4 5 |  5.6
Polearms       | 3 6 |  6.7

Action                   |  1- 3 |  4- 6 |  7- 9 || total
-------------------------+-------+-------+-------++-------
Melee: Dagger            |    94 |   146 |   173 ||   413
       Tailslap          |       |     9 |       ||     9
       Punch             |       |     2 |     6 ||     8
       Spear             |       |       |   214 ||   214
Throw: Stone             |       |     3 |       ||     3
       Dart              |       |       |     9 ||     9
 Cast: Freeze            |    20 |     3 |     1 ||    24
       Frozen Ramparts   |       |    11 |    26 ||    37
       Ozocubu's Armour  |       |     5 |    24 ||    29
  Use: Scroll            |       |     6 |     5 ||    11
       Potion            |       |       |     3 ||     3
 Stab: Sleeping          |     8 |     4 |       ||    12
Armor: Robe              |    10 |    18 |    88 ||   116
Dodge: Dodged            |    61 |    82 |   287 ||   430

Table legend: (Time is in decaauts)
 A = Elapsed time spent in this place.
 B = Non-inter-level travel time spent in this place.
 C = Inter-level travel time spent in this place.
 D = Time resting spent in this place.
 E = Time spent auto-exploring this place.
 F = Levels seen in this place.
 G = Mean time per level.
                   A        B        C        D        E       F      G
               +--------+--------+--------+--------+--------+-----+--------+
         Total |   9496 |   9279 |    217 |   2533 |   4173 |   9 | 1055.1 |
       Dungeon |   8666 |   8449 |    217 |   2254 |   3867 |   7 | 1238.0 |
        Temple |    358 |    358 |      0 |      0 |    280 |   1 |  358.0 |
         Sewer |    471 |    471 |      0 |    279 |     26 |   1 |  471.0 |
               +--------+--------+--------+--------+--------+-----+--------+

Top non-repeatable levels by time:
     D:5: 2753 daAuts
     D:1: 1505 daAuts
     D:7: 1325 daAuts
     D:4: 1095 daAuts
     D:3: 1007 daAuts
     D:2: 733 daAuts
   Sewer: 471 daAuts
  Temple: 358 daAuts
     D:6: 246 daAuts
